 Dungeon Crawl Stone Soup version 0.30-a0-1160-g6e42c06551 (webtiles) character file.

Game seed: 4707376700698018022

60068 ders the Earth Mage (level 14, -23/68 HPs)
             Began as a Gargoyle Earth Elementalist on Apr 20, 2023.
             Was a High Priest of Sif Muna.
             Annihilated by a white ugly thing (31 damage)
             ... on level 12 of the Dungeon on Apr 25, 2023.
             The game lasted 00:42:54 (25272 turns).

ders the Earth Mage (Gargoyle Earth Elementalist)  Turns: 25272, Time: 00:42:55

Health: -23/68     AC: 24    Str: 11    XL:     14   Next: 97%
Magic:  5/38       EV: 16    Int: 40    God:    Sif Muna [*****.]
Gold:   2010       SH: 12    Dex:  7    Spells: 2/35 levels left

rFire   . . .        p - staff of earth
rCold   . . .        c - +2 buckler {AC+3}
rNeg    + + .        T - +2 robe of the Gastropod {rPois Str-4 Int+3}
rPois   ∞            G - +1 helmet
rElec   +            (no cloak)
rCorr   .            g - +2 pair of gloves
SInv    .            R - +1 pair of boots
Will    +....        H - amulet "Moqoerer" {Reflect rN+ Str+3 SH+5}
Stlth   ++           m - +6 ring of intelligence
HPRegen 0.31/turn    I - ring of Undoing {MP+9 EV+5 Int+10 Dex-3 Stlth-}
MPRegen 0.26/turn

%: reflection
@: flying
A: sickness immunity, AC +10, big wings, negative energy resistance 1,
electricity resistance, torment resistance 1, petrification resistance
a: Renounce Religion, Channel Magic, Forget Spell, Divine Exegesis


You were on level 12 of the Dungeon.
You worshipped Sif Muna.
Sif Muna was extremely pleased with you.
You visited 3 branches of the dungeon, and saw 19 of its levels.

You collected 2762 gold pieces.
You spent 752 gold pieces at shops.

Inventory:

Armour
 c - a +2 buckler of protection (worn)
 g - a +2 pair of gloves (worn)
 G - a +1 helmet (worn)
 R - a +1 pair of boots (worn)
 T - the +2 robe of the Gastropod (worn) {rPois Str-4 Int+3}
   (You bought it in a shop on level 2 of the Orcish Mines)

   Str:       It affects your strength (-4).
   Int:       It affects your intelligence (+3).
   rPois:     It protects you from poison.
Magical Staves
 p - a staff of earth (weapon)
Jewellery
 m - a +6 ring of intelligence (left hand)
 r - a ring of flight
 y - an amulet of guardian spirit
 A - a ring of willpower
 H - the amulet "Moqoerer" (around neck) {Reflect rN+ Str+3 SH+5}
   (You acquired it on level 8 of the Dungeon)

   [amulet of reflection]

   It reflects blocked missile attacks.
   Str:       It affects your strength (+3).
   rN:        It protects you from negative energy.
   SH:        It affects your SH (+5).
 I - the ring of Undoing (right hand) {MP+9 EV+5 Int+10 Dex-3 Stlth-}
   (You acquired it on level 8 of the Dungeon)

   [ring of evasion]

   EV:        It affects your evasion (+5).
   Int:       It affects your intelligence (+10).
   Dex:       It affects your dexterity (-3).
   MP:        It affects your magic capacity (+9).
   Stlth:     It makes you less stealthy.
 J - a ring of positive energy
 N - a +4 ring of protection
 S - a +5 ring of evasion
Wands
 B - a wand of mindburst (16)
 C - a wand of roots (11)
 D - a wand of flame (13)
 F - a wand of polymorph (4)
 P - a wand of light (10)
 Q - a wand of digging (5)
Scrolls
 d - 7 scrolls of amnesia
 e - 2 scrolls of fear
 f - a scroll of enchant armour
 h - a scroll of silence
 j - a scroll of immolation {unknown}
 l - 2 scrolls of blinking
 n - 5 scrolls of enchant weapon
 o - 12 scrolls of teleportation
 q - a scroll of butterflies
 s - 3 scrolls of fog
 u - a scroll of vulnerability
 x - a scroll of poison
 E - 4 scrolls of magic mapping
 K - 6 scrolls of identify
 L - 2 scrolls of noise
 O - 3 scrolls of brand weapon
Potions
 a - 3 potions of brilliance
 b - a potion of magic
 i - 5 potions of haste
 k - 7 potions of flight
 t - 7 potions of might
 v - 7 potions of attraction
 w - a potion of lignification
 z - 3 potions of invisibility
 M - 4 potions of heal wounds
 V - 3 potions of curing


   Skills:
 - Level 3.8 Dodging
 - Level 5.6 Stealth
 - Level 6.7 Shields
 + Level 11.3 Spellcasting
 + Level 15.5 Conjurations
 + Level 2.9 Summonings
 - Level 0.7 Transmutations
 * Level 15.8 Earth Magic
 - Level 4.0 Poison Magic
 + Level 8.4 Invocations


You had 2 spell levels left.
You knew the following spells:

 Your Spells              Type           Power      Damage    Failure   Level
a - Sandblast             Erth           100%       2d20      0%          1
b - Stone Arrow           Conj/Erth      100%       3d13      0%          3
c - Fulminant Prism       Conj/Hex       35%        3d17      1%          4
d - Olgreb's Toxic Radia  Pois           53%        N/A       3%          4
e - Iron Shot             Conj/Erth      61%        9d11      1%          6
f - Orb of Destruction    Conj           49%        9d13      3%          7
g - Fireball              Conj/Fire      35%        3d15      2%          5
h - Swiftness             Air            22%        N/A       6%          3

Your spell library contained the following spells:

 Spells                   Type           Power      Damage    Failure   Level
 Magic Dart               Conj           100%       1d8       0%          1
 Searing Ray              Conj           100%       2d8       0%          2
 Beastly Appendage        Tmut           56%        N/A       1%          1
 Foxfire                  Conj/Fire      100%       2x1d9     1%          1
 Shock                    Conj/Air       100%       1d9       1%          1
 Slow                     Hex            88%        N/A       1%          1
 Sting                    Tmut/Pois      100%       1d8       1%          1
 Passwall                 Tmut/Erth      77%        N/A       1%          2
 Poisonous Vapours        Pois/Air       76%        N/A       1%          2
 Wereblood                Tmut           28%        N/A       2%          2
 Lesser Beckoning         Tloc           44%        N/A       3%          2
 Scorch                   Fire           44%        2d7       3%          2
 Dazzling Flash           Conj/Hex       100%       N/A       1%          3
 Hailstorm                Conj/Ice       71%        3d15      1%          3
 Animate Armour           Summ/Erth      100%       N/A       1%          4
 Flame Wave               Conj/Fire      71%        2d16      1%          4
 Petrify                  Tmut/Erth      93%        N/A       1%          4
 Irradiate                Conj/Tmut      36%        3d23      1%          5
 Iskenderun's Battlesphe  Conj           98%        2d14      1%          5
 Spider Form              Tmut/Pois      41%        N/A       2%          3
 Arcjolt                  Conj/Air       35%        1d45      2%          5
 Borgnjor's Vile Clutch   Necr/Erth      46%        N/A       2%          5
 Confusing Touch          Hex            22%        N/A       6%          3
 Vhi's Electric Charge    Tloc/Air       44%        N/A       6%          3
 Ice Form                 Ice/Tmut       25%        N/A       17%         4
 Airstrike                Air            11%        2d(2-18)  21%         4
 Manifold Assault         Tloc           22%        N/A       21%         4
 Lehudib's Crystal Spear  Conj/Erth      61%        10d14     22%         8
 Agony                    Necr           22%        N/A       50%         5
 Silence                  Hex/Air        11%        N/A       50%         5
 Summon Cactus Giant      Summ           23%        N/A       67%         6
 Dispersal                Tloc           11%        N/A       97%         6
 Plasma Beam              Fire/Air       11%        2x1d24    97%         6
 Simulacrum               Ice/Necr       11%        N/A       97%         6
 Disjunction              Tloc           11%        N/A       100%        8


Dungeon Overview and Level Annotations

Branches:
Dungeon (12/15)            Temple (0/1) D:7            Lair (5/5) D:11
  Swamp (0/4) Lair:3       Spider (0/4) Lair:3        Slime (0/5) Lair:5
    Orc (2/2) D:9             Elf (0/3) Orc:2

Altars:
Cheibriados
Dithmenos
Fedhas
Gozag
Hepliaklqana
Kikubaaqudgha
Makhleb
Nemelex Xobeh
Ru
Sif Muna
Uskayaw
Vehumet
Wu Jian
Xom
Yredelemnul
Zin

Shops:
D:2 :   Orc:1 (   Orc:2 **[*

Annotations:
D:3 Pikel
D:9 3 runed translucent doors, Sleet's ghost, journeyman OgBe


Innate Abilities, Weirdness & Mutations

You are immune to sickness and miasma.
Your stone body is resilient. (AC +10)
You are immune to poison.
Your large and strong wings let you fly.
You resist negative energy. (rN+)
You are resistant to electric shocks. (rElec)
You are resistant to unholy torment.
You are immune to petrification.


Message History

You feel a surge of power!
The blast of sand hits the fire elemental!
You destroy the fire elemental!
Sif Muna accepts your kill.
Unknown command.
You start resting.
A white ugly thing comes into view.
A white ugly thing is nearby!
A white ugly thing is nearby!
Casting: Sandblast (safe; 0% risk of failure)
Confirm with . or Enter, or press ? or * to list all spells.
Aiming: Fulminant Prism (dangerous; 1% risk of failure)
Press: ? - help, Dir - move target You conjure a prism of explosive energy!
A fulminant prism comes into view.
Your fulminant prism crackles loudly.
Your fulminant prism explodes!
The blast of energy engulfs the white ugly thing!!
The white ugly thing is heavily wounded.
Casting: Fulminant Prism (dangerous; 1% risk of failure)
Confirm with . or Enter, or press ? or * to list all spells.
Aiming: Sandblast (safe; 0% risk of failure)
Press: ? - help, Shift-Dir - straight line You feel a surge of power!
The blast of sand hits the white ugly thing!
The white ugly thing is severely wounded.
Unknown command.
Casting: Sandblast (safe; 0% risk of failure)
Confirm with . or Enter, or press ? or * to list all spells.
Aiming: Sandblast (safe; 0% risk of failure)
Press: ? - help, Shift-Dir - straight line You feel a surge of power!
The blast of sand hits the white ugly thing.
The white ugly thing is severely wounded.
The white ugly thing punches you! The white ugly thing freezes you!!
* * * LOW HITPOINT WARNING * * *
The white ugly thing punches you.
* * * LOW HITPOINT WARNING * * *
The white ugly thing freezes you!!
You die...

#....... ...... #.......
.....# #....... .....#
#....... #....# . #.......
##########....##.. #.....##
..............'... #.....#.
°........)u...# #.....#.
)○○.......@...# #.....#.
#######'############.....##
.......○.........†...######
..☼.○°...............#.....
....°....(...........#.....
☼°...................#..>..
.....................######
####+####'#######'#.....#
#.............†)#.....#


You could see a white ugly thing.

Vanquished Creatures
  Azrael (D:12)
  3 hydras (Lair:5)
  The ghost of lunkers the Arsonist, a journeyman MeFE of Vehumet (Orc:2)
  A catoblepas (Lair:5)
  A boulder beetle (Lair:5)
  A deep troll shaman (Lair:5)
  8 death yaks
  2 two-headed ogres (D:12)
  5 orc high priests
  A bog body (Lair:3)
  3 lindwurms
  An orc knight (Orc:2)
  2 oklob plants (Lair:5)
  3 orc sorcerers (Orc:2)
  An ugly thing (D:12)
  A cyclops (Orc:1)
  2 manticores
  29 elephants
  9 black mambas
  A gargoyle (D:11)
  An unseen horror (D:12)
  7 cane toads
  9 komodo dragons
  3 rime drakes (Lair:3)
  3 trolls
  A meliai (Lair:3)
  5 polar bears
  A hornet (D:10)
  17 blink frogs
  5 slime creatures (D:12)
  A wraith (D:9)
  Sigmund (D:4)
  A spriggan (Lair:3)
  17 yaks
  2 shadows
  4 fire elementals (D:12)
  3 wyverns
  A basilisk (Lair:5)
  2 steam dragons
  3 vampire mosquitoes (D:12)
  A warg (Orc:1)
  An acid dragon (D:11)
  21 water moccasins
  2 hell hounds (D:12)
  17 orc warriors
  4 black bears
  A swamp drake (D:11)
  An ice beast (D:5)
  2 sky beasts
  8 wolves
  8 ogres
  3 centaurs
  3 lemures (D:4)
  Blork the orc (D:6)
  A kobold brigand (D:9)
  A gnoll sergeant (D:9)
  11 bullfrogs
  2 scorpions
  16 wights
  27 killer bees
  A howler monkey (D:5)
  7 electric eels
  A lava snake (D:11)
  A bullfrog zombie (D:6)
  2 hounds
  2 jellies (D:5)
  21 orc priests
  2 sleepcaps (D:6)
  An iguana (D:4)
  19 orc wizards
  13 hell rats
  A killer bee zombie (D:6)
  15 adders
  4 gnolls (D:9)
  2 white imps
  An ufetubus (D:6)
  2 worms (D:5)
  2 dart slugs (D:3)
  53 orcs
  9 endoplasms
  3 giant cockroaches
  5 goblins
  4 hobgoblins
  2 jackals (D:3)
  6 quokkas
  6 ball pythons
  2 bats
  2 frilled lizards
  15 kobolds
  6 rats
504 creatures vanquished.

Vanquished Creatures (others)
  2 slime creatures (D:12)
  An orc wizard (D:11)
  56 fulminant prisms
  22 fungi
  49 plants
  4 toadstools (D:1)
134 creatures vanquished.

Grand Total: 638 creatures vanquished

Notes
Turn   | Place    | Note
-------+----------+-------------------------------------------
     0 | D:1      | ders the Gargoyle Earth Elementalist began the quest for
                  | the Orb.
     0 | D:1      | Reached XP level 1. HP: 10/10 MP: 3/3
   184 | D:1      | Reached XP level 2. HP: 15/15 MP: 0/5
   723 | D:1      | Upgraded the game from 0.30-a0-1114-gd936c97349 to
                  | 0.30-a0-1157-g2cc9ac7196
   888 | D:1      | Reached XP level 3. HP: 19/19 MP: 4/6
  1258 | D:2      | Found Poavaeb's Book Shop.
  1515 | D:2      | Reached XP level 4. HP: 24/24 MP: 3/8
  1793 | D:3      | Found a burning altar of Makhleb.
  1794 | D:3      | Found a sacrificial altar of Ru.
  1860 | D:3      | Reached skill level 5 in Earth Magic
  2019 | D:3      | Found a sparkling altar of Nemelex Xobeh.
  2063 | D:3      | Found a shimmering altar of Xom.
  2102 | D:3      | Noticed a scorpion
  2108 | D:3      | Learned a level 3 spell: Stone Arrow
  2109 | D:3      | Killed a scorpion
  2110 | D:3      | Reached XP level 5. HP: 28/28 MP: 7/10
  2319 | D:3      | Found a shadowy altar of Dithmenos.
  2540 | D:4      | Found a radiant altar of Vehumet.
  2543 | D:4      | Noticed a lemure
  2543 | D:4      | Noticed a lemure
  2543 | D:4      | Noticed a lemure
  2544 | D:4      | Noticed Pikel
  2544 | D:4      | Noticed a lemure
  2547 | D:4      | Killed a lemure
  2692 | D:4      | Killed a lemure
  2694 | D:4      | Killed a lemure
  3240 | D:4      | Noticed Sigmund
  3244 | D:4      | Killed Sigmund
  3245 | D:4      | Reached XP level 6. HP: 32/32 MP: 3/12
  3654 | D:5      | Entered Level 5 of the Dungeon
  3707 | D:5      | Reached XP level 7. HP: 27/36 MP: 10/14
  3713 | D:5      | Reached skill level 5 in Spellcasting
  4461 | D:5      | Found an opulent altar of Gozag.
  4700 | D:6      | Got Sepoat's Guide on the Maleficium and Geometry
  4706 | D:6      | Learned a level 4 spell: Fulminant Prism
  4710 | D:6      | Reached skill level 1 in Conjurations
  4710 | D:6      | Reached XP level 8. HP: 38/41 MP: 13/16
  4964 | D:6      | Noticed Blork the orc
  4971 | D:6      | Killed Blork the orc
  5012 | D:6      | Found a shimmering blue altar of Sif Muna.
  5137 | D:6      | Became a worshipper of Sif Muna the Loreminder
  5395 | D:6      | Found a basalt altar of Yredelemnul.
  5670 | D:7      | Found a glowing silver altar of Zin.
  5758 | D:7      | Found an ornate altar of the Wu Jian Council.
  5876 | D:7      | Found a staircase to the Ecumenical Temple.
  5996 | D:7      | Reached skill level 5 in Conjurations
  5996 | D:7      | Reached XP level 9. HP: 23/45 MP: 14/19
  6257 | D:7      | Found a hazy altar of Hepliaklqana.
  6887 | D:8      | Noticed a troll
  6910 | D:8      | Killed a troll
  6911 | D:8      | Reached skill level 10 in Earth Magic
  7009 | D:8      | Found a snail-covered altar of Cheibriados.
  7018 | D:8      | Reached * piety under Sif Muna
  7390 | D:8      | Reached XP level 10. HP: 50/50 MP: 18/21
  7860 | D:8      | Identified 5 scrolls of acquirement
  7868 | D:8      | Acquired a +2 buckler of protection
  7870 | D:8      | Acquired the amulet "Moqoerer" {Reflect rN+ Str+3 SH+5}
  7877 | D:8      | Acquired the ring of Undoing {MP+9 EV+5 Int+10 Dex-3
                  | Stlth-}
  8187 | D:9      | Reached ** piety under Sif Muna
  8316 | D:9      | Found a staircase to the Orcish Mines.
  8629 | D:9      | Found a runed translucent gate.
  8629 | D:9      | Identified the +7 plate armour of Luecanuwal {rF- rN+
                  | Str+3}
  8629 | D:9      | Noticed Sleet's ghost (journeyman OgBe)
  8630 | D:9      | Found a runed translucent gate.
  8631 | D:9      | Found a runed translucent gate.
  8726 | D:9      | Identified the +0 ring mail of Duplip Suon {+Inv}
  9080 | D:10     | Entered Level 10 of the Dungeon
  9118 | D:10     | Reached skill level 10 in Conjurations
  9644 | D:10     | Found a hide-covered altar of Uskayaw.
  9647 | D:10     | Noticed a +0 hand axe
  9647 | D:10     | Noticed a +4 hand axe
  9651 | D:10     | Reached XP level 11. HP: 54/54 MP: 23/23
  9676 | D:10     | Found a blossoming altar of Fedhas.
  9677 | D:10     | Found an ancient bone altar of Kikubaaqudgha.
 10028 | D:11     | Found an ancient bone altar of Kikubaaqudgha.
 10505 | D:12     | Noticed Azrael
 11045 | D:11     | Reached skill level 1 in Invocations
 11186 | D:11     | Found a staircase to the Lair.
 11247 | Lair:1   | Entered Level 1 of the Lair of Beasts
 11365 | Lair:1   | Reached *** piety under Sif Muna
 11370 | Lair:1   | Reached skill level 1 in Summonings
 11888 | Lair:1   | Reached XP level 12. HP: 59/59 MP: 25/25
 11917 | Lair:1   | Found the +8 whip "Snakebite" {venom, curare, rPois}
 12525 | Lair:2   | Reached skill level 5 in Stealth
 13314 | Lair:3   | Found a staircase to the Swamp.
 13319 | Lair:3   | Reached skill level 1 in Shields
 13351 | Lair:3   | Identified the +1 leather armour "Epsiehei" {rPois Regen+
                  | rCorr}
 13548 | Lair:3   | Noticed a death yak
 13549 | Lair:3   | Noticed a death yak
 13550 | Lair:3   | Noticed a death yak
 13550 | Lair:3   | Noticed a death yak
 13554 | Lair:3   | Noticed a death yak
 13570 | Lair:3   | Killed a death yak
 13573 | Lair:3   | Killed a death yak
 13573 | Lair:3   | Reached **** piety under Sif Muna
 13573 | Lair:3   | Killed a death yak
 13573 | Lair:3   | Killed a death yak
 13585 | Lair:3   | Reached skill level 5 in Invocations
 13754 | Lair:2   | Reached skill level 10 in Spellcasting
 14503 | Lair:3   | Acquired 728 gold pieces
 14519 | Lair:3   | Reached XP level 13. HP: 55/63 MP: 13/27
 14861 | Lair:3   | Upgraded the game from 0.30-a0-1157-g2cc9ac7196 to
                  | 0.30-a0-1160-g6e42c06551
 14919 | Lair:3   | Found a hole to the Spider Nest.
 15921 | Lair:3   | Learned a level 4 spell: Olgreb's Toxic Radiance
 16535 | Lair:4   | Reached skill level 1 in Poison Magic
 16819 | Lair:4   | Reached skill level 5 in Shields
 17919 | Lair:5   | Entered Level 5 of the Lair of Beasts
 18359 | Lair:5   | Acquired Faattob's Guide on the Union and Percussion
 18589 | Lair:4   | Learned a level 6 spell: Iron Shot
 18597 | Lair:4   | Learned a level 7 spell: Orb of Destruction
 18603 | Lair:4   | Learned a level 5 spell: Fireball
 19013 | Lair:5   | Gained mutation: Your large and strong wings let you fly.
                  | [Gargoyle growth]
 19013 | Lair:5   | Reached XP level 14. HP: 68/68 MP: 21/28
 19488 | Lair:5   | Found a staircase to the Slime Pits.
 19494 | Lair:5   | Reached ***** piety under Sif Muna
 20077 | Lair:4   | Learned a level 3 spell: Swiftness
 20207 | Lair:5   | Received a gift from Sif Muna
 20208 | Lair:5   | Got Nusaefy's Writings on Fulmination {god gift}
 20916 | Lair:5   | Reached skill level 15 in Earth Magic
 21066 | Lair:5   | Reached skill level 15 in Conjurations
 21546 | Orc:1    | Entered Level 1 of the Orcish Mines
 22195 | Orc:2    | Entered Level 2 of the Orcish Mines
 22195 | Orc:2    | Noticed lunkers's ghost (journeyman MeFE)
 22203 | Orc:1    | Found Ceoxkoymet's Antique Weapon Emporium.
 22476 | Orc:2    | Paralysed by an orc sorcerer for 4 turns
 23192 | Orc:2    | Found a runed translucent door.
 23828 | Orc:2    | Found a staircase to the Elven Halls.
 23952 | Orc:2    | Found Uzxarikk's Antique Armour Emporium.
 23952 | Orc:2    | Found Ryut's General Store.
 23953 | Orc:2    | Found Tefrilui's General Store.
 24102 | Orc:2    | Found Igoikh's Assorted Antiques.
 24111 | Orc:2    | Bought a pair of embroidered gloves for 225 gold pieces
 24112 | Orc:2    | Bought a bloodstained robe for 188 gold pieces
 24112 | Orc:2    | Identified the +2 robe of the Gastropod {rPois Str-4 Int+3}
                  | (You bought it in a shop on level 2 of the Orcish Mines)
 24123 | Orc:2    | Bought a +2 robe for 190 gold pieces
 24123 | Orc:2    | Bought a potion of curing for 45 gold pieces
 24127 | Orc:2    | Bought 2 potions of brilliance for 104 gold pieces
 24596 | Orc:2    | Killed lunkers's ghost
 24596 | Orc:2    | Received a gift from Sif Muna
 24597 | Orc:2    | Got Sif Muna's Folio of Sinister Acts and Tephra {god gift}
 25246 | D:12     | Killed Azrael
 25272 | D:12     | Annihilated by a white ugly thing

Illustrated notes

Levels and vault maps discovered:
D:1:      ldierk_walled_garden_2, layout_basic, minmay_surrounded
D:2:      layout_rooms, serial_shops, nicolae_shop_tiny_waterfront,
          solitary_fountain
D:3:      layout_basic, nemelex_spade_bored_becter, nicolae_overflow_squiral,
          grunt_dithmenos_smoke_and_mirrors, overflow_temple_1_default
D:4:      layout_cave_pods, nicolae_vehumet_radiance, uniq_pikel, uniq_sigmund
D:5:      layout_cave_pods, mainiacjoe_overflow_brackets
D:6:      layout_loops_ring, tgw_sif, lemuel_zombie_altar_yredelemnul
D:7:      layout_basic, mainiacjoe_overflow_chevrons, nzn_wu_jian_council_hall,
          mainiacjoe_overflow_six_doors_small, minmay_temple_entry_mini_moons,
          nrook_mini_vaults, minmay_misc_feat_pillars
D:8:      layout_basic, cheibriados_altar_1,
          nicolae_concentric_dashed_squares_mild, chequers_big_river
D:9:      layout_loops_cross, orc_0_dummy, biasface_ghost_orc_armoury,
          chequers_decorated_corner, dreamdust_wishing_well
D:10:     layout_basic, grunt_temple_overflow_growth_and_decay,
          dancing_weapons_uskayaw
D:11:     layout_rooms, erik_lair_dragon, nicolae_lava_and_water,
          nicolae_kikubaaqudgha_miasma_corner
D:12:     layout_gridville, uniq_lodul, uniq_azrael, uniq_nergalle
Lair:1:   minmay_guarded_unrand_snakebite, layout_chaotic_city,
          grunt_megastairs_1, serial_bayou_shore_a
Lair:2:   layout_regular_city
Lair:3:   layout_chaotic_city, skrybe_swamp_entry_bodies,
          hellmonk_spider_entry_not_the_bees, forest_entry_grove
Lair:4:   layout_layer_cave, beast_lair_carwin_8
Lair:5:   grunt_lair_end_beastmaster, layout_cellular_growth,
          minmay_slime_entry_oklob_enclosed, pdpol_lair_cavern_descent
Orc:1:    layout_caves, serial_shops, nicolae_shop_peninsula
Orc:2:    st_orc_mages, layout_caves, basic_altar,
          hellmonk_ghost_happy_afterlife

Skill      XL: |  1  2  3  4  5  6  7  8  9 10 11 12 13 14 |
---------------+-------------------------------------------+-----
Earth Magic    | 4 5 6 7 8 9 10 11 12 13 14 15 | 15.8
Spellcasting   | 3 4 5 6 7 8 9 10 11 | 11.3
Conjurations   | 1 5 8 10 11 13 14 15 | 15.5
Invocations    | 3 5 7 8 |  8.4
Dodging        | 3 |  3.8
Stealth        | 4 5 |  5.6
Summonings     | 1 2 |  2.9
Shields        | 3 5 6 |  6.7
Poison Magic   | 2 4 |  4.0
Transmutations | |  0.7

Action                     |  1- 3 |  4- 6 |  7- 9 | 10-12 | 13-15 || total
---------------------------+-------+-------+-------+-------+-------++-------
  Melee: Unarmed           |     9 |       |       |       |       ||     9
         Staff             |       |       |     1 |     9 |     3 ||    13
   Cast: Sandblast         |    46 |    38 |   114 |   233 |   111 ||   542
         Stone Arrow       |       |     8 |    16 |    92 |   199 ||   315
         Fulminant Prism   |       |       |       |    23 |    33 ||    56
         Fireball          |       |       |       |       |    51 ||    51
         Iron Shot         |       |       |       |       |    47 ||    47
         Orb of Destructio |       |       |       |       |    20 ||    20
         Swiftness         |       |       |       |       |     1 ||     1
 Invoke: Channel Magic     |       |       |       |       |     2 ||     2
    Use: Scroll            |       |     1 |       |    16 |    21 ||    38
         Potion            |       |       |       |     1 |     4 ||     5
 Armour: Robe              |     6 |    12 |    22 |   165 |   118 ||   323
  Dodge: Dodged            |    12 |    19 |    33 |   301 |   220 ||   585
  Block: Other             |       |       |       |    65 |       ||    65
         Reflection        |       |       |       |     1 |     4 ||     5
         Buckler           |       |       |       |   126 |   192 ||   318

Table legend: (Time is in decaauts)
 A = Elapsed time spent in this place.
 B = Non-inter-level travel time spent in this place.
 C = Inter-level travel time spent in this place.
 D = Time resting spent in this place.
 E = Time spent auto-exploring this place.
 F = Levels seen in this place.
 G = Mean time per level.
                   A        B        C        D        E       F      G
               +--------+--------+--------+--------+--------+-----+--------+
         Total |  25588 |  23965 |   1623 |   6284 |  14768 |  19 | 1346.7 |
       Dungeon |  12440 |  11483 |    957 |   1383 |   8769 |  12 | 1036.7 |
          Lair |  10296 |   9750 |    546 |   3674 |   4847 |   5 | 2059.2 |
  Orcish Mines |   2851 |   2732 |    119 |   1227 |   1152 |   2 | 1425.5 |
               +--------+--------+--------+--------+--------+-----+--------+

Top non-repeatable levels by time:
  Lair:5: 3287 daAuts
  Lair:3: 2375 daAuts
  Lair:4: 1762 daAuts
     D:9: 1721 daAuts
   Orc:1: 1640 daAuts
  Lair:2: 1620 daAuts
     D:8: 1473 daAuts
  Lair:1: 1250 daAuts
   Orc:2: 1211 daAuts
     D:1: 1195 daAuts
    D:11: 1081 daAuts
     D:6: 1075 daAuts
     D:7: 1020 daAuts
     D:4: 993 daAuts
     D:5: 964 daAuts
